Selects Australian Defense Battlegroup
Selects Australian Light Infantry Section
Australian Light Infantry Section
Construct Section Command Post
Australian Light Infantry Section
Construct Platoon Command Post
Construct Platoon Command Post
Australian Light Infantry Section
Construct Field Infirmary
Selects CMP 15cwt Supply Run
Selects Reinforced Resource Caches
Unlock M3 Stuart Light Tanks
Selects Defensive Tactics
Construct Company Command Post
Selects Vehicle Over Repair
6-pounder Anti-tank Gun Team
Unlock Towed 17-pounder Anti-tank Guns
17-pounder Anti-tank Gun Team